 Dungeon Crawl Stone Soup version 0.30.0-29-ga12c61a403 (webtiles) character file.

Game seed: 7441922498399776048

15880 Bnni the Geomancer (level 12, -13/92 HPs)
             Began as a Formicid Earth Elementalist on June 14, 2023.
             Was a High Priest of Cheibriados.
             Mangled by a yaktaur captain (21 damage)
             ... on level 12 of the Dungeon.
             The game lasted 00:24:11 (12029 turns).

Bnni the Geomancer (Formicid Earth Elementalist)   Turns: 12029, Time: 00:24:13

Health: -13/92     AC: 16    Str: 24    XL:     12   Next: 63%
Magic:  11/32      EV: 11    Int: 34    God:    Cheibriados [*****.]
Gold:   420        SH:  8    Dex: 25    Spells: 10/26 levels left

rFire   x . .        C - staff of earth
rCold   . . .        m - +0 buckler
rNeg    . . .        a - +1 scale mail {Will+}
rPois   .            (helmet unavailable)
rElec   .            x - +0 cloak
rCorr   .            (no gloves)
SInv    +            u - +1 pair of boots of the Yeti {Int+3}
Will    +....        y - amulet of faith
Stlth   +            j - ring of magical power
HPRegen 0.35/turn    p - +4 ring of protection
MPRegen 0.23/turn

%: faith
@: weak-willed, very slow
A: permanent stasis, dig shafts and tunnels, antennae 3, four strong arms, heat
vulnerability 1
a: Dig, Shaft Self, Renounce Religion, Bend Time, Temporal Distortion, Slouch,
Step From Time


You were on level 12 of the Dungeon.
You worshipped Cheibriados.
Cheibriados was extremely pleased with you.
You visited 2 branches of the dungeon, and saw 13 of its levels.
You also visited: Sewer.

You collected 745 gold pieces.
You spent 325 gold pieces at shops.

Inventory:

Missiles
 i - 27 poisoned darts
Armour
 a - a +1 scale mail of willpower (worn)
 m - a +0 buckler (worn)
 u - the +1 pair of boots of the Yeti (worn) {Int+3}
   (You acquired it on level 11 of the Dungeon)

   Int:       It affects your intelligence (+3).
 x - a +0 cloak (worn)
Magical Staves
 C - a staff of earth (weapon)
Jewellery
 b - an amulet of the acrobat
 j - a ring of magical power (left hand)
 l - a ring of positive energy
 p - a +4 ring of protection (right hand)
 y - an amulet of faith (around neck)
 B - a ring of flight
 K - a ring of resist corrosion
Wands
 d - a wand of acid (10)
 o - a wand of roots (5)
 z - a wand of mindburst (5)
 N - a wand of flame (8)
Scrolls
 c - 4 scrolls of teleportation {unknown}
 e - 2 scrolls of blinking {unknown}
 f - 2 scrolls of enchant armour
 h - 2 scrolls of fear
 k - 2 scrolls of immolation
 q - a scroll of amnesia {unknown}
 r - 2 scrolls of enchant weapon
 t - 3 scrolls of magic mapping
 J - a scroll of silence {unknown}
 L - 3 scrolls of vulnerability {unknown}
Potions
 g - 2 potions of magic
 n - 4 potions of ambrosia
 s - 2 potions of might
 v - a potion of brilliance {unknown}
 w - 3 potions of attraction {unknown}
 A - 3 potions of mutation {unknown}
 E - 3 potions of haste {unknown}
 F - 2 potions of resistance {unknown}
 G - 2 potions of invisibility {unknown}
 H - a potion of berserk rage {unknown}
 I - 3 potions of curing
 M - a potion of flight {unknown}


   Skills:
 + Level 8.0 Fighting
 + Level 7.4 Armour
 - Level 1.7 Dodging
 - Level 2.4 Stealth
 + Level 9.4 Shields
 + Level 7.6 Spellcasting
 * Level 5.0 Conjurations
 - Level 3.0 Transmutations
 * Level 12.9 Earth Magic
 + Level 7.4 Invocations


You had 10 spell levels left.
You knew the following spells:

 Your Spells              Type           Power      Damage    Failure   Level
a - Sandblast             Erth           100%       2d20      1%          1
b - Passwall              Tmut/Erth      65%        N/A       1%          2
c - Stone Arrow           Conj/Erth      100%       3d13      1%          3
d - Petrify               Tmut/Erth      79%        N/A       3%          4
f - Iron Shot             Conj/Erth      42%        9d8       32%         6

Your spell library contained the following spells:

 Spells                   Type           Power      Damage    Failure   Level
 Foxfire                  Conj/Fire      100%       2x1d9     3%          1
 Shock                    Conj/Air       100%       1d9       3%          1
 Leda's Liquefaction      Hex/Erth       35%        N/A       6%          4
 Dazzling Flash           Conj/Hex       60%        N/A       9%          3
 Lesser Beckoning         Tloc           26%        N/A       13%         2
 Gell's Gravitas          Tloc           13%        N/A       26%         3
 Inner Flame              Hex/Fire       13%        N/A       26%         3
 Portal Projectile        Hex/Tloc       26%        N/A       26%         3
 Teleport Other           Tloc           13%        N/A       26%         3
 Flame Wave               Conj/Fire      30%        2d9       30%         4
 Airstrike                Air            6%         2d(1-17)  63%         4
 Manifold Assault         Tloc           13%        N/A       63%         4
 Arcjolt                  Conj/Air       15%        1d25      63%         5
 Fireball                 Conj/Fire      15%        3d8       63%         5
 Agony                    Necr           13%        N/A       93%         5
 Silence                  Hex/Air        6%         N/A       93%         5
 Summon Mana Viper        Hex/Summ       13%        N/A       93%         5
 Starburst                Conj/Fire      15%        6d6       99%         6
 Plasma Beam              Fire/Air       6%         2x1d18    100%        6
 Storm Form               Tmut/Air       11%        N/A       100%        7
 Blink                    Tloc           Unusable   N/A       N/A         2
 Swiftness                Air            Unusable   N/A       N/A         3
 Vhi's Electric Charge    Tloc/Air       Unusable   N/A       N/A         3

Dungeon Overview and Level Annotations

Branches:
Dungeon (12/15)            Temple (1/1) D:6            Lair (0/5) D:10
  Sewer (visited)
    Orc: D:9-12

Altars:
Ashenzari
Cheibriados
Dithmenos
Elyvilon
Fedhas
Gozag
Hepliaklqana
Kikubaaqudgha
Makhleb
Nemelex Xobeh
Okawaru
Qazlal
Ru
Sif Muna
Trog
Uskayaw
Vehumet
Wu Jian
Xom
Yredelemnul
Zin
The Shining One

Shops:
D:1 *


Innate Abilities, Weirdness & Mutations

You cannot be hasted, slowed, berserked, paralysed or teleported.
You can dig through walls and to a lower floor.
You have a pair of large antennae on your head. (SInv)
Your four strong arms can wield two-handed weapons with a shield.
You are vulnerable to heat. (rF-)


Message History

Aiming: Stone Arrow (safe; 1% risk of failure)
Press: ? - help, Shift-Dir - straight line, f/p - yaktaur captain
Aim: a yaktaur captain (heavily wounded, slow, 92% to hit)
You feel a surge of power!
The stone arrow misses the yaktaur captain.
Unknown command.
Casting: Stone Arrow (safe; 1% risk of failure)
Confirm with . or Enter, or press ? or * to list all spells.
Aiming: Stone Arrow (safe; 1% risk of failure)
Press: ? - help, Shift-Dir - straight line, f/p - yaktaur captain
Aim: a yaktaur captain (heavily wounded, slow, 92% to hit)
You feel a surge of power!
The stone arrow hits the yaktaur captain!!
The yaktaur captain is severely wounded.
The yaktaur captain is no longer moving slowly.
The yaktaur captain hits you!
* * * LOW HITPOINT WARNING * * *
You are confused.
You feel invigorated.
The yaktaur captain hits you but does no damage.
The yaktaur captain closely misses you.
You feel less invigorated.
You feel less confused. The yaktaur captain hits you!
* * * LOW HITPOINT WARNING * * *
The flow of time bends around you.
The yaktaur captain resists with some effort.
The yaktaur captain hits you!
* * * LOW HITPOINT WARNING * * *
Unknown command.
Casting: Stone Arrow (safe; 1% risk of failure)
Confirm with . or Enter, or press ? or * to list all spells.
Aiming: Stone Arrow (safe; 1% risk of failure)
Press: ? - help, Shift-Dir - straight line, f/p - yaktaur captain
Aim: a yaktaur captain (severely wounded, 92% to hit)
You feel a surge of power!
The stone arrow hits the yaktaur captain!!
The yaktaur captain is almost dead.
The yaktaur captain hits you!!
You die...

{ { ####
###<.># {
###.#...#
###...#c..#
###.....#...#
###......@#...#
#<....(...c...+
###.......#...#
###.....#...#
###...#...#
###.#...#
###<.># ####


You could see a yaktaur captain.

Vanquished Creatures
  2 centaur warriors (D:8)
  A boulder beetle (D:12)
  A two-headed ogre (D:11)
  A phantasmal warrior (D:12)
  A manticore (D:11)
  A cyclops (D:12)
  An unseen horror (D:8)
  3 kobold demonologists (D:9)
  A yaktaur (D:11)
  A queen bee (D:9)
  2 trolls (D:11)
  2 hornets
  3 shadows
  2 vampires
  A wyvern (D:7)
  A wraith (D:10)
  15 yaks
  A steam dragon (D:10)
  8 vampire mosquitoes
  3 wargs (D:10)
  2 acid dragons
  2 water moccasins
  2 orc warriors
  3 ice beasts
  An ogre (D:5)
  5 centaurs
  2 bullfrogs
  A kobold brigand (D:10)
  A gnoll sergeant (D:10)
  3 scorpions
  15 wights
  29 killer bees
  3 howler monkeys
  4 quasits (D:5)
  8 hounds
  3 jellies
  7 orc priests
  Crazy Yiuf (D:2)
  2 sleepcaps (D:7)
  2 gnoll boudas
  2 iguanas (D:5)
  Terence (D:2)
  9 orc wizards
  8 gnolls
  4 adders
  2 white imps
  2 ufetubi
  3 worms
  3 dart slugs
  46 orcs
  9 ball pythons
  4 bats
  3 endoplasms
  5 giant cockroaches
  4 goblins
  7 hobgoblins
  5 quokkas
  28 kobolds
  2 rats (D:2)
294 creatures vanquished.

Notes
Turn   | Place    | Note
-------+----------+-------------------------------------------
     0 | D:1      | Bnni the Formicid Earth Elementalist began the quest for
                  | the Orb.
     0 | D:1      | Reached XP level 1. HP: 13/13 MP: 3/3
   146 | D:1      | Reached XP level 2. HP: 19/19 MP: 5/5
   235 | D:1      | Learned a level 2 spell: Passwall
   456 | D:1      | Found Bitipaoc's General Store.
   541 | D:1      | Reached skill level 1 in Conjurations
   541 | D:1      | Reached skill level 4 in Earth Magic
   541 | D:1      | Reached XP level 3. HP: 18/25 MP: 6/6
   545 | D:1      | Learned a level 3 spell: Stone Arrow
   895 | D:2      | You fall into a shaft and drop 2 floors!
   911 | D:4      | Reached XP level 4. HP: 28/31 MP: 5/7
   940 | D:4      | Found a shadowy altar of Dithmenos.
  1020 | D:4      | Noticed a scorpion
  1075 | D:3      | Reached skill level 1 in Fighting
  1197 | D:3      | Reached skill level 1 in Shields
  1247 | D:3      | Reached XP level 5. HP: 22/37 MP: 6/8
  1610 | D:2      | Noticed Terence
  1626 | D:2      | Killed Terence
  1627 | D:2      | Reached XP level 6. HP: 38/43 MP: 8/10
  2190 | D:2      | Found a runed translucent door.
  2191 | D:2      | Noticed Crazy Yiuf
  2204 | D:2      | Killed Crazy Yiuf
  2416 | D:3      | Learned a level 4 spell: Petrify
  2739 | D:4      | Reached skill level 5 in Earth Magic
  2757 | D:4      | Found a stormy altar of Qazlal.
  2770 | D:4      | Found a sparkling altar of Nemelex Xobeh.
  2840 | D:4      | Reached XP level 7. HP: 22/50 MP: 8/11
  3440 | D:5      | Entered Level 5 of the Dungeon
  3519 | D:5      | HP: 1/51 [ogre/+0 giant club (13)]
  3521 | D:5      | Reached skill level 6 in Earth Magic
  3968 | D:5      | Reached skill level 1 in Armour
  3978 | D:5      | Reached XP level 8. HP: 39/58 MP: 8/13
  4252 | D:1      | Bought a staff of earth for 325 gold pieces
  4508 | D:5      | Reached skill level 7 in Earth Magic
  5146 | D:6      | Identified a scroll of acquirement
  5181 | D:6      | Found a glowing drain.
  5186 | Sewer    | Entered a sewer
  5700 | D:6      | Reached XP level 9. HP: 65/65 MP: 10/15
  5706 | D:6      | Reached skill level 5 in Shields
  5706 | D:6      | Reached skill level 8 in Earth Magic
  5706 | D:6      | Reached skill level 1 in Invocations
  5795 | D:6      | Found a staircase to the Ecumenical Temple.
  5827 | Temple   | Entered the Ecumenical Temple
  6299 | D:6      | Found a snail-covered altar of Cheibriados.
  6302 | D:6      | Became a worshipper of Cheibriados the Contemplative
  6790 | D:7      | Found a glowing golden altar of the Shining One.
  6792 | D:7      | Reached skill level 5 in Spellcasting
  6812 | D:7      | Found an iron altar of Okawaru.
  6840 | D:7      | Reached skill level 9 in Earth Magic
  6982 | D:7      | Reached * piety under Cheibriados
  6983 | D:7      | Reached skill level 5 in Fighting
  7305 | D:8      | Noticed a centaur warrior
  7341 | D:8      | Reached XP level 10. HP: 51/74 MP: 13/17
  7491 | D:8      | Reached skill level 10 in Earth Magic
  7494 | D:8      | Reached skill level 5 in Armour
  7533 | D:8      | Killed a centaur warrior
  7533 | D:8      | Reached ** piety under Cheibriados
  7730 | D:8      | Noticed a centaur warrior
  7748 | D:8      | Killed a centaur warrior
  7749 | D:8      | Reached skill level 5 in Invocations
  7810 | D:8      | Noticed an unseen horror
  7816 | D:8      | Killed an unseen horror
  7817 | D:8      | Reached XP level 11. HP: 63/83 MP: 16/20
  7943 | D:8      | Reached skill level 11 in Earth Magic
  8736 | D:9      | Reached *** piety under Cheibriados
  8795 | D:9      | Gained mutation: You are vulnerable to heat. (rF-) [a
                  | neqoxec]
  9339 | D:9      | Reached **** piety under Cheibriados
  9689 | D:9      | Acquired Bnni's Thoughts on Striking and Anathema
  9698 | D:9      | Learned a level 6 spell: Iron Shot
  9699 | D:10     | Entered Level 10 of the Dungeon
  9754 | D:10     | Found a hazy altar of Hepliaklqana.
  9959 | D:10     | Reached skill level 12 in Earth Magic
 10276 | D:10     | Reached XP level 12. HP: 87/91 MP: 17/22
 10295 | D:10     | Reached ***** piety under Cheibriados
 10349 | D:10     | Noticed a catoblepas
 10538 | D:10     | Found a staircase to the Lair.
 11465 | D:11     | Noticed a two-headed ogre
 11478 | D:11     | Killed a two-headed ogre
 11900 | D:11     | Acquired the +1 pair of boots of the Yeti {Int+3}
 11908 | D:12     | Noticed a boulder beetle
 11919 | D:12     | Killed a boulder beetle
 12008 | D:12     | Noticed a yaktaur captain
 12019 | D:12     | Reached skill level 5 in Conjurations
 12029 | D:12     | Mangled by a yaktaur captain

Illustrated notes

Levels and vault maps discovered:
D:1:      amcnicky_arrival_blooded_trapdoor, layout_loops_ring, serial_shops,
          nicolae_shop_pleasant_corner_grove
D:2:      layout_loops_ring, uniq_terence, uniq_crazy_yiuf_cottage
D:3:      layout_loops_cross
D:4:      layout_cave_pools, jmf_multi_god_temple,
          mainiacjoe_overflow_concentric_impassable, kennysheep_orc_chapel
D:5:      cheibrodos_quashed, layout_loops_corners
D:6:      layout_basic, kennysheep_slug_shrine, minmay_temple_entry_statues,
          portal_sewer_entry_e
D:7:      layout_basic, mainiacjoe_overflow_alcove_4, overflow_temple_1_default
D:8:      minmay_curly_fans, layout_gridville, kennysheep_windowed_goal
D:9:      layout_basic, special_room [special_room_bee], minmay_between
D:10:     layout_roguey, nicolae_hepliaklqana_hazy_memory,
          erik_lair_orcish_takeover, kennysheep_generic_room_6
D:11:     layout_gridville, minmay_microvault
D:12:     minmay_diamond_stairs, layout_cross, orc_0_dummy,
          chequers_serial_rivers_room_b, kennysheep_generic_room_2
Temple:   nicolae_temple_superstar

Skill      XL: |  1  2  3  4  5  6  7  8  9 10 11 12 |
---------------+-------------------------------------+-----
Conjurations   | 1 2 3 5 |  5.0
Earth Magic    | 4 5 6 7 9 10 12 | 12.9
Transmutations | 2 3 |  3.0
Fighting       | 1 2 3 4 5 6 7 8 |  8.0
Shields        | 1 2 3 4 6 7 8 9 |  9.4
Spellcasting   | 3 4 5 6 7 |  7.6
Armour         | 1 2 4 5 6 7 |  7.4
Invocations    | 3 5 6 7 |  7.4
Dodging        | |  1.7
Stealth        | |  2.4

Action                     |  1- 3 |  4- 6 |  7- 9 | 10-12 || total
---------------------------+-------+-------+-------+-------++-------
  Melee: Dagger            |    30 |       |       |       ||    30
         Punch             |     1 |       |       |       ||     1
         Short sword       |       |   204 |    80 |       ||   284
         Staff             |       |       |    57 |    41 ||    98
  Throw: Dart              |       |     6 |       |     5 ||    11
   Cast: Sandblast         |     4 |     7 |   113 |   262 ||   386
         Passwall          |     2 |       |       |       ||     2
         Stone Arrow       |       |       |       |    20 ||    20
         Petrify           |       |       |       |     4 ||     4
 Invoke: Slouch            |       |       |       |     3 ||     3
         Bend Time         |       |       |       |     3 ||     3
Ability: Dig               |       |       |     2 |     2 ||     4
  Evoke: Wand              |       |       |       |     1 ||     1
    Use: Potion            |       |     1 |       |     9 ||    10
         Scroll            |       |       |     6 |     7 ||    13
   Stab: Sleeping          |     2 |     5 |     1 |       ||     8
 Armour: Leather armour    |     3 |    56 |    72 |       ||   131
         Robe              |     1 |       |       |       ||     1
         Scale mail        |       |       |    28 |   153 ||   181
  Dodge: Dodged            |    14 |    85 |   131 |   151 ||   381
  Block: Buckler           |       |    27 |    49 |   132 ||   208
